[Event "ESTCC U50 2018"]
[Site "Walbrzych"]
[Date "2018.04.20"]
[Round "7"]
[White "Lewis, Andrew P"]
[Black "Roth, Martin"]
[Result "1-0"]
[ECO "A30"]
[WhiteElo "2279"]
[BlackElo "2008"]
[Annotator "NA RC"]
[PlyCount "155"]
[EventDate "2018.??.??"]
[EventCountry "POL"]
[SourceTitle "playchess.com"]
[Source "ChessBase"]
[SourceQuality "1"]
[WhiteTeam "ENG"]
[BlackTeam "SUI"]
[WhiteTeamCountry "ENG"]
[BlackTeamCountry "GER"]
[TimeControl "40/5400+30:1800+30"]

1. c4 c5 2. Nf3 Nc6 3. Nc3 g6 4. e3 Bg7 5. d4 Qa5 {[%emt 0:02:35] A35: Symmetrical English: 2 Nc3 Nc6 3 Nf3} (5... d6 6. d5 Ne5 7. Nxe5 Bxe5 8. e4 Nf6 9. Bd3 h6 10. O-O g5 11. f4 gxf4 12. Bxf4 Ng4 13. Qf3 h5 14. Be2 f6 15. h3 Bd4+ {1-0 (40) Pantsulaia,L (2612)-Rapport,R (2707) Riadh 2017}) 6. Be2 d6 7. h3 Nf6 8. d5 Nb4 $146 ({Predecessor:} 8... Ne5 9. Nxe5 dxe5 10. O-O O-O 11. e4 a6 12. Be3 {1-0 (45) Stuetzel,E (1300)-Paquette,J (1438) San Francisco 2015}) 9. O-O O-O 10. e4 Nd7 11. Bd2 Qc7 12. Rb1 a5 13. Re1 h6 14. Bf4 Ne5 15. Nxe5 dxe5 16. Be3 Rd8 17. Qd2 Kh7 18. h4 b6 19. h5 Nc6 20. hxg6+ fxg6 21. Nb5 Qb8 22. Qd1 Nd4 23. Bxd4 cxd4 24. Bg4 Rf8 25. b3 Rf4 26. Bxc8 Qxc8 27. Qe2 Qd7 28. Rbd1 Raf8 29. Rf1 h5 30. Na3 Bh6 31. Rd3 (31. c5 $1 $11) 31... Rg4 32. c5 bxc5 33. Nc4 Bf4 34. Rh3 Kg7 35. Kh1 Rg5 36. Rh4 Rg4 37. Rxg4 Qxg4 38. Qxg4 hxg4 39. Kg1 Kf6 40. g3 Bh6 41. f3 Kg5 42. Nxe5 gxf3 43. Nxf3+ Kg4 44. Kg2 Bg7 45. Nh2+ Kg5 46. Rxf8 Bxf8 47. Nf3+ Kf6 48. Kf2 (48. g4 $142) 48... Bh6 49. Ke2 e5 $2 (49... a4 $16 50. bxa4 c4) 50. Ne1 Bf8 51. a4 Bd6 52. Nd3 Kg5 53. Nb2 Kf6 54. Kf3 Bc7 55. Kg4 Bd8 56. Nc4 Bc7 57. Kh4 Bd8 58. Kg4 Bc7 59. Kf3 Bd8 60. Nd2 Bc7 61. Nf1 $18 Kg5 62. Nh2 Kf6 63. Ng4+ Kg5 64. Nf2 Bd6 65. Ke2 Kf6 66. Kd3 Kg5 67. Kc4 Be7 68. Kb5 Bf6 69. d6 d3 70. Nxd3 Kg4 71. d7 Kxg3 72. Nxe5 g5 73. Kxc5 Kf4 74. Kd5 Bd8 75. Nf7 g4 76. Nxd8 g3 77. Ne6+ Kf3 78. d8=Q 1-0

[Event "ESTCC U50 2018"]
[Site "Walbrzych"]
[Date "2018.04.20"]
[Round "7"]
[White "Strutinskaia, Galina"]
[Black "Tuomala, Timo"]
[Result "1/2-1/2"]
[ECO "E73"]
[WhiteElo "2232"]
[BlackElo "2197"]
[Annotator "NA"]
[PlyCount "92"]
[EventDate "2018.??.??"]
[EventCountry "POL"]
[SourceTitle "playchess.com"]
[Source "ChessBase"]
[SourceQuality "1"]
[WhiteTeam "Russia"]
[BlackTeam "Finland"]
[WhiteTeamCountry "RUS"]
[BlackTeamCountry "FIN"]
[TimeControl "40/5400+30:1800+30"]

1. d4 Nf6 2. c4 g6 3. Nc3 Bg7 4. e4 d6 {LiveBook: 51307 Games} 5. Be2 O-O 6. h4 e5 7. d5 {E73: King's Indian: Averbakh Variation without 6...c5} Na6 (7... c6 8. h5 cxd5 9. exd5 Qd7 10. hxg6 fxg6 11. Nf3 Qe7 12. Ng5 e4 13. Be3 Na6 14. Qd2 Nc5 {1-0 (31) Rapport,R (2691)-Gallagher,J (2495) Caleta 2014}) 8. h5 Nc5 9. Bf3 c6 $146 ({Predecessor:} 9... a5 $11 10. hxg6 fxg6 11. Bh6 Bxh6 12. Rxh6 Kg7 13. Qd2 Nd3+ 14. Kf1 Nxf2 {0-1 (66) Netusil,M (2333)-Golcman,E (2311) Prague 2006}) 10. b4 Na6 11. a3 cxd5 12. cxd5 Bd7 13. Nge2 Nc7 14. Be3 Bg4 15. h6 Bh8 16. Bg5 Bxf3 17. gxf3 Qd7 18. Qa4 Qxa4 19. Nxa4 Rfc8 20. Nac3 Nfe8 21. Rg1 Bf6 22. Bd2 Kf8 23. Nc1 Bd8 24. Nd3 Nf6 25. a4 Nce8 26. a5 a6 27. Ke2 Nc7 28. Rgc1 Nd7 29. f4 Bf6 30. Rab1 exf4 31. Bxf4 Ke7 32. Be3 Bxc3 33. Rxc3 Nb5 34. Rxc8 Rxc8 35. Rc1 Rxc1 36. Bxc1 f6 37. Bb2 Ne5 38. Nf4 Nf7 39. Bc1 g5 40. Ne6 Ne5 41. f4 gxf4 42. Bxf4 Nc3+ 43. Ke3 Ng6 44. Bg3 Nb5 45. Ng7 $11 Kd7 46. Nh5 Ke7 1/2-1/2

[Event "ESTCC U50 2018"]
[Site "Walbrzych"]
[Date "2018.04.20"]
[Round "7"]
[White "Deleyn, Gunter"]
[Black "Lopez de Turiso, Jose Angel"]
[Result "1-0"]
[ECO "A10"]
[WhiteElo "2200"]
[BlackElo "2064"]
[Annotator "NA"]
[PlyCount "54"]
[EventDate "2018.??.??"]
[EventCountry "POL"]
[SourceTitle "playchess.com"]
[Source "ChessBase"]
[SourceQuality "1"]
[WhiteTeam "Belgium"]
[BlackTeam "Spain"]
[WhiteTeamCountry "BEL"]
[BlackTeamCountry "ESP"]
[TimeControl "40/5400+30:1800+30"]

1. c4 g6 2. g3 Bg7 3. Bg2 d6 4. Nc3 f5 5. e3 Nf6 6. Nge2 e5 7. O-O O-O 8. d3 Nc6 9. b3 {[%emt 0:02:32] LiveBook: 51 Games} Bd7 10. Bb2 a6 {[%emt 0:00:42] A25: English Opening vs King's Indian with ...Nc6 but without early d3} (10... g5 11. f4 h6 12. Qd2 Qe8 13. Rae1 Qh5 14. a3 Rae8 15. h3 Qg6 16. Nb5 Rc8 17. b4 h5 18. Kh2 {0-1 (54) Nilsen,J (2413)-Aulin Jansson,J (2273) Drammen 2018}) 11. Qd2 Rb8 12. Rac1 Ne7 13. a4 $146 ({Predecessor:} 13. d4 e4 14. d5 g5 15. b4 Qe8 16. Nd4 Ng6 17. f4 gxf4 18. gxf4 {½-½ (36) Rapp,U (2175)-Walter,G (2042) Finsterbergen 2009}) 13... g5 14. f4 h6 15. e4 exf4 16. gxf4 g4 $16 (16... Nh5 $11) 17. e5 dxe5 18. fxe5 Nh5 19. Nd5 Ng6 20. d4 c6 21. Ndf4 Ngxf4 22. Nxf4 Nxf4 23. Qxf4 Qb6 24. Rc3 Rbe8 25. Re3 Kh7 26. Ba3 Rg8 27. Bc5 Qa5 1-0

[Event "ESTCC U50 2018"]
[Site "Walbrzych"]
[Date "2018.04.20"]
[Round "7"]
[White "Fatalibekova, Elena"]
[Black "Salonen, Jyrki"]
[Result "1/2-1/2"]
[ECO "B06"]
[WhiteElo "2195"]
[BlackElo "2159"]
[Annotator "NA"]
[PlyCount "37"]
[EventDate "2018.??.??"]
[EventCountry "POL"]
[SourceTitle "playchess.com"]
[Source "ChessBase"]
[SourceQuality "1"]
[WhiteTeam "Russia"]
[BlackTeam "Finland"]
[WhiteTeamCountry "RUS"]
[BlackTeamCountry "FIN"]
[TimeControl "40/5400+30:1800+30"]

1. e4 g6 2. d4 d6 3. Nc3 c6 4. a4 Bg7 5. h3 Nf6 6. Nf3 O-O 7. Be2 e5 8. dxe5 dxe5 9. Qxd8 Rxd8 10. Nxe5 Nxe4 $1 11. Nxe4 Bxe5 12. Bg5 $11 Re8 13. O-O-O Bf5 14. Bf3 Bxe4 15. Bxe4 Na6 16. Bd3 Nc5 17. a5 Ne6 18. Be3 Bf4 19. Rhe1 1/2-1/2

[Event "ESTCC U50 2018"]
[Site "Walbrzych"]
[Date "2018.04.20"]
[Round "7"]
[White "Kivimaki, Jaakko"]
[Black "Grabuzova, Tatiana"]
[Result "1/2-1/2"]
[ECO "A40"]
[WhiteElo "2181"]
[BlackElo "2311"]
[Annotator "NA"]
[PlyCount "55"]
[EventDate "2018.??.??"]
[EventCountry "POL"]
[SourceTitle "playchess.com"]
[Source "ChessBase"]
[SourceQuality "1"]
[WhiteTeam "Finland"]
[BlackTeam "Russia"]
[WhiteTeamCountry "FIN"]
[BlackTeamCountry "RUS"]
[TimeControl "40/5400+30:1800+30"]

1. d4 e6 2. Nf3 f5 3. d5 Nf6 4. dxe6 dxe6 5. Qxd8+ Kxd8 6. Nc3 Bd6 {[%emt 0:19:53] A80: Dutch Defence: Unusual White second moves} 7. e4 fxe4 8. Ng5 Ke7 9. Ngxe4 Bd7 $146 ({Predecessor:} 9... Nc6 10. Bg5 h6 11. Bh4 Nd4 12. O-O-O Nf5 13. Nxd6 cxd6 14. Bxf6+ gxf6 {1-0 (37) Polgar,Z (2510)-Prasad,D (2425) New Delhi 1990}) 10. Bg5 h6 11. Bh4 Bc6 12. Bd3 Nbd7 13. O-O Ne5 14. Bb5 Bxb5 15. Nxb5 Ng6 16. Nexd6 cxd6 17. Bg3 Ne4 18. Rfe1 Nxg3 19. hxg3 Rhc8 20. Nd4 e5 21. Nf5+ Kf6 22. Nxd6 Rxc2 23. Ne4+ Kf7 24. Rad1 Rxb2 25. Rd7+ Kg8 26. Rc1 Nf8 27. Re7 Ng6 28. Rd7 $11 1/2-1/2

[Event "ESTCC U50 2018"]
[Site "Walbrzych"]
[Date "2018.04.20"]
[Round "7"]
[White "Burchardt, Brigitte"]
[Black "Pietinen, Pekka"]
[Result "1-0"]
[ECO "C24"]
[WhiteElo "2166"]
[BlackElo "1983"]
[Annotator "NA"]
[PlyCount "47"]
[EventDate "2018.??.??"]
[EventCountry "POL"]
[SourceTitle "playchess.com"]
[Source "ChessBase"]
[SourceQuality "1"]
[WhiteTeam "Germany"]
[BlackTeam "Finland"]
[WhiteTeamCountry "GER"]
[BlackTeamCountry "FIN"]
[TimeControl "40/5400+30:1800+30"]

1. e4 e5 2. Bc4 Nf6 3. d3 d5 4. exd5 Nxd5 5. Qe2 Nc6 6. Nf3 Bg4 7. c3 Be7 8. h3 Bxf3 (8... Bh5 $11) 9. Qxf3 Nf6 10. Bg5 O-O 11. Nd2 Na5 $14 12. O-O c6 13. Rfe1 Nd7 14. Bxe7 Qxe7 15. d4 Qf6 16. Qxf6 gxf6 17. Be2 b6 18. b4 Nb7 19. Bg4 Rfd8 20. Ne4 Kg7 21. Ng3 exd4 22. Re7 Ne5 23. Rxb7 dxc3 24. Rc1 1-0

[Event "ESTCC U50 2018"]
[Site "Walbrzych"]
[Date "2018.04.20"]
[Round "7"]
[White "Pastor Alonso De Prado, Alberto"]
[Black "Rooze, Jan"]
[Result "0-1"]
[ECO "B08"]
[WhiteElo "2162"]
[BlackElo "2307"]
[Annotator "NA"]
[PlyCount "40"]
[EventDate "2018.??.??"]
[EventCountry "POL"]
[SourceTitle "playchess.com"]
[Source "ChessBase"]
[SourceQuality "1"]
[WhiteTeam "Spain"]
[BlackTeam "Belgium"]
[WhiteTeamCountry "ESP"]
[BlackTeamCountry "BEL"]
[TimeControl "40/5400+30:1800+30"]

1. e4 g6 2. d4 Bg7 3. Nf3 d6 4. Be2 Nf6 5. Nc3 O-O 6. O-O Nc6 7. Re1 a6 8. a4 Bg4 9. d5 Bxf3 10. Bxf3 Ne5 11. Be2 c6 12. Bg5 Re8 13. dxc6 bxc6 14. Qd2 a5 15. Rad1 $11 Qb6 16. Be3 Qb4 17. f3 Ned7 18. b3 Ng4 19. Nd5 Qxd2 20. Rxd2 Nxe3 0-1

[Event "ESTCC U50 2018"]
[Site "Walbrzych"]
[Date "2018.04.20"]
[Round "7"]
[White "Van de Wynkele, Herman"]
[Black "Ruiz Bellon, Manuel"]
[Result "1-0"]
[ECO "C11"]
[WhiteElo "2048"]
[BlackElo "1861"]
[Annotator "NA"]
[PlyCount "79"]
[EventDate "2018.??.??"]
[EventCountry "POL"]
[SourceTitle "playchess.com"]
[Source "ChessBase"]
[SourceQuality "1"]
[WhiteTeam "Belgium"]
[BlackTeam "Spain"]
[WhiteTeamCountry "BEL"]
[BlackTeamCountry "ESP"]
[TimeControl "40/5400+30:1800+30"]

1. e4 e6 2. d4 d5 3. Nc3 Nf6 4. e5 Nfd7 $1 5. f4 c5 6. Nf3 Nc6 {[%emt 0:00:10] LiveBook: 6487 Games} 7. Be3 a6 8. Qd2 b5 9. dxc5 Bxc5 10. Nd4 Nxd4 11. Bxd4 Qb6 12. O-O-O Bxd4 13. Qxd4 Qxd4 14. Rxd4 {[%emt 0:00:13] C14: French: Classical System: 4 Bg5 Be7 main line} Rb8 (14... Nb8 15. Rd2 Nc6 16. Ne2 b4 17. Nd4 Nxd4 18. Rxd4 a5 19. Be2 Ke7 20. Kd2 Bd7 21. Ra1 f6 {½-½ (35) Kavcic,Z (2295)-Mohr,G (2463) Slovenia 2014}) 15. a3 O-O $146 ({Predecessor:} 15... Ke7 16. Be2 g5 17. g3 gxf4 18. gxf4 Rg8 19. Bf3 Bb7 20. Rdd1 Bc6 21. Ne2 b4 {1-0 (39) Vombek,S (1856)-Vospernik,M (2072) Otocec 2006}) 16. Be2 Bb7 17. Re1 Bc6 18. b3 Nc5 19. Bf3 Rfc8 20. Kb2 a5 21. Re3 Rc7 $11 22. Ne2 b4 23. axb4 axb4 24. Rd1 Ra7 25. Nd4 Bd7 26. Ra1 Rxa1 27. Kxa1 f5 28. exf6 gxf6 29. Kb2 Kf7 30. g4 Rb6 31. f5 Rd6 32. fxe6+ Bxe6 33. h4 h6 34. Re1 Bd7 35. Ra1 Kg6 36. Ra5 Ne4 37. Rxd5 Rxd5 38. Bxe4+ f5 39. Bxd5 fxg4 40. Nc6 1-0

[Event "ESTCC U50 2018"]
[Site "Walbrzych"]
[Date "2018.04.20"]
[Round "7"]
[White "Robertson, Ian C"]
[Black "Ograbek, Grzegorz"]
[Result "1/2-1/2"]
[ECO "B06"]
[WhiteElo "2038"]
[BlackElo "2140"]
[Annotator "NA"]
[PlyCount "59"]
[EventDate "2018.??.??"]
[EventCountry "POL"]
[SourceTitle "playchess.com"]
[Source "ChessBase"]
[SourceQuality "1"]
[WhiteTeam "Scotland"]
[BlackTeam "Poland"]
[WhiteTeamCountry "SCO"]
[BlackTeamCountry "POL"]
[TimeControl "40/5400+30:1800+30"]

1. e4 g6 2. d4 Bg7 3. Nc3 d6 4. f4 c6 5. Nf3 {[%emt 0:03:41] LiveBook: 501 Games} Nf6 6. Bd3 O-O 7. O-O Bg4 8. h3 Bxf3 9. Qxf3 Nbd7 10. Ne2 Qc7 11. c3 e5 12. dxe5 $16 dxe5 13. f5 h6 14. g4 g5 15. Ng3 Rfd8 16. Kg2 c5 17. Rh1 c4 18. Be2 Nf8 19. h4 N8h7 20. hxg5 Nxg5 21. Bxg5 hxg5 22. Qe3 Nh7 23. Rxh7 Kxh7 24. Qxg5 f6 25. Qg6+ Kg8 26. Nh5 Rd2 27. Nxf6+ Kf8 28. Nh7+ Kg8 29. Nf6+ Kf8 30. Nh7+ 1/2-1/2

[Event "ESTCC U50 2018"]
[Site "Walbrzych"]
[Date "2018.04.20"]
[Round "7"]
[White "Wielosz, Jaroslaw"]
[Black "Giulian, Rosemary A"]
[Result "1/2-1/2"]
[ECO "E11"]
[WhiteElo "2038"]
[BlackElo "1880"]
[Annotator "NA"]
[PlyCount "71"]
[EventDate "2018.??.??"]
[EventCountry "POL"]
[SourceTitle "playchess.com"]
[Source "ChessBase"]
[SourceQuality "1"]
[WhiteTeam "Poland"]
[BlackTeam "Scotland"]
[WhiteTeamCountry "POL"]
[BlackTeamCountry "SCO"]
[TimeControl "40/5400+30:1800+30"]

1. d4 e6 2. Nf3 Nf6 3. c4 Bb4+ 4. Bd2 a5 5. Nc3 b6 6. g3 Bb7 7. Bg2 O-O 8. O-O d5 9. cxd5 {[%emt 0:03:36] E16: Queen's Indian: 4 g3 Bb7 5 Bg2 Bb4+} exd5 10. Bf4 $146 ({Find the theoretical novelty and annotate with similar games:} 10. Rc1 Na6 11. Ne5 Be7 12. Bf4 c5 13. Nb5 Ne4 14. dxc5 Naxc5 15. Nf3 Qd7 16. Nfd4 Rac8 17. f3 Nd6 18. Bxd6 Bxd6 19. Bh3 Ne6 20. Nxd6 Rxc1 21. Qxc1 Qxd6 22. Bxe6 fxe6 {½-½ (44) Roselli Mailhe,B (2442)-Tjiam,D (2376) Porto San Giorgio 2016}) 10... Bd6 11. Bxd6 Qxd6 12. Rc1 c6 13. Ne5 Nfd7 14. e4 Nxe5 15. dxe5 Qxe5 16. exd5 cxd5 17. Re1 Qf6 18. Nxd5 Bxd5 19. Qxd5 $14 Ra7 20. Qb5 Rd7 21. Rc2 g6 22. Rce2 Kg7 23. h4 h5 24. Qe5 Qxe5 25. Rxe5 Rd2 26. R1e2 Rfd8 27. Bb7 Rxe2 28. Rxe2 Rd6 29. Rc2 Nd7 30. Kg2 Nc5 31. Bf3 Nd3 32. Rc6 Rxc6 33. Bxc6 Nb4 34. Bb5 Nxa2 35. Kf3 Nb4 36. Ke4 1/2-1/2

[Event "ESTCC U50 2018"]
[Site "Walbrzych"]
[Date "2018.04.20"]
[Round "7"]
[White "Reuben, Stewart"]
[Black "Sidler, Samuel"]
[Result "1-0"]
[ECO "A57"]
[WhiteElo "2026"]
[BlackElo "1833"]
[Annotator "NA"]
[PlyCount "91"]
[EventDate "2018.??.??"]
[EventCountry "POL"]
[SourceTitle "playchess.com"]
[Source "ChessBase"]
[SourceQuality "1"]
[WhiteTeam "England"]
[BlackTeam "Switzerland"]
[WhiteTeamCountry "ENG"]
[BlackTeamCountry "SUI"]
[TimeControl "40/5400+30:1800+30"]

1. d4 Nf6 2. c4 c5 3. d5 b5 4. cxb5 a6 5. b6 g6 6. Nc3 Bg7 7. Nf3 d6 8. e4 Nbd7 {[%emt 0:03:40] LiveBook: 202 Games} 9. Be2 O-O 10. Bf4 {[%emt 0:04:48] A57: Benko/Volga Gambit} (10. O-O Rb8 11. Nd2 Nxb6 12. a4 Nfd7 13. Qc2 Bb7 14. h3 a5 15. Rd1 Rc8 16. b3 f5 17. Bb2 fxe4 18. Ndxe4 {½-½ (88) Radjabov,T (2788)-Andreikin,D (2700) Astana 2012}) 10... Qxb6 11. Rb1 a5 12. O-O Ba6 13. Nd2 $146 ({Predecessor:} 13. Bxa6 Rxa6 14. Qd2 Rb8 15. h3 Ne8 16. Bg5 Qa7 17. Bh6 Bh8 18. Rfe1 Rab6 {½-½ (54) Virkud,A (1913)-Lara Santana,M (1681) Montevideo 2016}) 13... Bxe2 14. Qxe2 Rfb8 15. Na4 Qb5 16. Qxb5 Rxb5 17. b3 Rab8 18. f3 Nb6 19. Nxb6 R8xb6 20. a4 Rb4 21. Nc4 Rb8 22. Nxa5 Nxd5 23. Bxd6 R8b6 24. Bxc5 Nc3 25. Bxb6 Rxb6 26. Rbe1 Na2 27. e5 e6 28. Rf2 Nb4 29. Rd2 Nd5 30. Rb2 Bf8 31. Nc4 Bc5+ 32. Kf1 Rb4 33. Rc1 Bd4 34. Rd2 Ba7 35. Rd3 Kg7 36. g3 g5 37. a5 h5 38. Ke2 f6 39. Nd6 fxe5 40. Rxd5 exd5 41. Rc7+ Kf6 42. Rxa7 Rxb3 43. a6 Ke6 $18 44. Nc8 Rb8 45. Re7+ Kf6 46. Rc7 1-0

[Event "ESTCC U50 2018"]
[Site "Walbrzych"]
[Date "2018.04.20"]
[Round "7"]
[White "De la Orden Alcocer, Alejandro"]
[Black "Van Herck, Marcel"]
[Result "1/2-1/2"]
[ECO "A16"]
[WhiteElo "2013"]
[BlackElo "2061"]
[Annotator "NA"]
[PlyCount "121"]
[EventDate "2018.??.??"]
[EventCountry "POL"]
[SourceTitle "playchess.com"]
[Source "ChessBase"]
[SourceQuality "1"]
[WhiteTeam "Spain"]
[BlackTeam "Belgium"]
[WhiteTeamCountry "ESP"]
[BlackTeamCountry "BEL"]
[TimeControl "40/5400+30:1800+30"]

1. c4 Nf6 2. Nc3 g6 3. Nf3 Bg7 4. g3 O-O 5. Bg2 c6 6. O-O d5 7. cxd5 cxd5 8. d4 Ne4 {[%emt 0:00:50] LiveBook: 559 Games} 9. Be3 {[%emt 0:03:01] D79: Fianchetto Grünfeld: Symmetrical Variation (6 0-0 c6 7 cxd5 cxd5)} (9. Ne5 Nxc3 10. bxc3 Nc6 11. Nxc6 bxc6 12. Qa4 Qb6 13. Ba3 Qa6 14. Qxa6 Bxa6 15. Rfe1 Rfe8 16. e3 {½-½ (16) Petrosian,T (2601)-Svidler,P (2765) Riadh 2017}) 9... Nxc3 10. bxc3 Nc6 11. Qc1 Na5 12. Bh6 Bg4 $146 ({Predecessor:} 12... b6 13. h4 Bg4 14. Re1 Rc8 15. Ne5 Bf5 16. g4 Be6 17. Bxg7 Kxg7 {½-½ (36) Lau,S (2103)-Rust Lux,K (2071) Germany 2012}) 13. Bxg7 Kxg7 14. Qf4 Bxf3 15. Qxf3 e6 16. e4 dxe4 17. Qxe4 Qd6 18. Rac1 Rac8 19. Rfd1 b6 20. Qe2 Nc4 21. Be4 Rfd8 22. Bd3 Qd5 23. Rb1 Nd6 24. Rb3 Rc7 25. Ra3 Rdc8 26. Rc1 b5 27. Ra5 Rxc3 28. Rxc3 Rxc3 29. Qe5+ Qxe5 30. dxe5 Rxd3 31. exd6 Rxd6 32. Rxa7 $17 Rd2 33. a4 bxa4 34. Rxa4 e5 35. Ra7 g5 36. g4 Rd4 37. h3 h5 38. gxh5 Rh4 39. Kg2 Rxh5 40. Kg3 Kg6 41. Ra6+ f6 42. f3 Rh4 43. Rb6 Ra4 44. Rc6 Ra3 45. Kg4 Rd3 46. Ra6 Rd4+ 47. Kg3 Kf5 48. Ra3 Ke6 49. Ra6+ Rd6 50. Ra3 Rd4 51. Ra6+ Kf5 52. Ra3 e4 53. Ra5+ Kg6 54. fxe4 Rxe4 55. Ra6 Rf4 56. Rb6 Re4 57. Ra6 Kf5 58. Ra5+ Re5 59. Ra3 Rb5 60. Rf3+ Kg6 61. h4 1/2-1/2

[Event "ESTCC U50 2018"]
[Site "Walbrzych"]
[Date "2018.04.20"]
[Round "7"]
[White "Kierzek, Mira"]
[Black "Telenius, Kimmo"]
[Result "1-0"]
[ECO "A46"]
[WhiteElo "2011"]
[BlackElo "1603"]
[Annotator "NA"]
[PlyCount "64"]
[EventDate "2018.??.??"]
[EventCountry "POL"]
[SourceTitle "playchess.com"]
[Source "ChessBase"]
[SourceQuality "1"]
[WhiteTeam "Germany"]
[BlackTeam "Finland"]
[WhiteTeamCountry "GER"]
[BlackTeamCountry "FIN"]
[TimeControl "40/5400+30:1800+30"]

1. d4 Nf6 2. Nf3 d6 3. g3 g6 4. Bg2 Bg7 5. O-O O-O 6. b3 Nbd7 7. Bb2 c5 8. c4 Rb8 9. Nc3 a6 {LiveBook: 82 Games} 10. Qc2 b5 11. cxb5 axb5 12. dxc5 Nxc5 13. Nd4 Bd7 14. b4 Ne6 15. Nxe6 fxe6 $11 16. a3 Qb6 17. e3 Rbc8 18. Qd2 Ng4 19. Ne4 Rc4 20. h3 Ne5 21. Bxe5 Bxe5 22. Rac1 Qa7 23. Qd3 Rfc8 24. Rcd1 Ra8 25. Nc5 Rc8 26. Nxd7 Qxd7 27. h4 Rc3 28. Qe4 Bf6 29. Bh3 Qc6 30. Qxe6+ Kg7 31. Qxc8 Qf3 32. Qd7 Rxe3 1-0

[Event "ESTCC U50 2018"]
[Site "Walbrzych"]
[Date "2018.04.20"]
[Round "7"]
[White "Czyz, Andrzej"]
[Black "Webster, Jim J"]
[Result "1-0"]
[ECO "A02"]
[WhiteElo "1999"]
[BlackElo "1769"]
[Annotator "NA"]
[PlyCount "81"]
[EventDate "2018.??.??"]
[EventCountry "POL"]
[SourceTitle "playchess.com"]
[Source "ChessBase"]
[SourceQuality "1"]
[WhiteTeam "Poland"]
[BlackTeam "Scotland"]
[WhiteTeamCountry "POL"]
[BlackTeamCountry "SCO"]
[TimeControl "40/5400+30:1800+30"]

1. f4 c5 2. e4 Nc6 3. Nf3 d6 4. Bc4 Nf6 5. Nc3 e6 6. O-O Be7 7. d3 O-O 8. Kh1 {[%emt 0:01:18] B23: Closed Sicilian: Lines without g3} (8. Qe1 Nd4 9. Nxd4 cxd4 10. Ne2 d5 11. exd5 exd5 12. Bb3 Bc5 13. h3 b5 14. Bd2 Re8 15. Qf2 Qb6 16. a4 {0-1 (35) Rodi,L (2340)-Milos,G (2594) Sao Paulo 2008}) 8... a6 9. a4 b6 10. Be3 Bb7 $146 ({Predecessor:} 10... d5 11. exd5 exd5 12. Ne5 Bb7 13. Qf3 Na5 14. Ba2 d4 15. Qe2 dxc3 16. bxc3 Bd5 17. Bxd5 Nxd5 {0-1 (72) Figura,A (1725)-Siebarth,R Oberhof 1999}) 11. Bb3 Qd7 12. Qd2 Na5 13. Ba2 b5 14. e5 Ne8 15. Ne4 Bxe4 16. dxe4 Qc7 17. Rfd1 Rd8 18. Qe1 Nb7 19. a5 Qc6 20. Bf2 Nc7 21. c4 bxc4 22. Bxc4 d5 23. Bd3 Nb5 24. f5 c4 25. Bc2 Bc5 26. Bxc5 Nxc5 27. exd5 exd5 28. Qh4 Qh6 29. Qg4 g6 30. e6 fxe6 31. fxe6 Rf4 32. e7 Re8 33. Qg3 Rxe7 34. Rxd5 Ne4 35. Bxe4 Rexe4 36. Rad1 Re8 37. Ng5 ({Better is} 37. Re1 Ref8 38. Rd7) 37... Rff8 $2 (37... Qf8 $16 38. h3 h6) 38. Rd7 c3 $18 (38... Qh5 39. h3 (39. Nxh7 Rf7 $17) 39... h6) 39. Rxh7 Qxg5 40. Qxg5 Re6 41. Qh6 1-0

[Event "ESTCC U50 2018"]
[Site "Walbrzych"]
[Date "2018.04.20"]
[Round "7"]
[White "Sihvonen, Tero"]
[Black "Sazonova, Elena N"]
[Result "0-1"]
[ECO "B51"]
[WhiteElo "1988"]
[BlackElo "2139"]
[Annotator "NA"]
[PlyCount "70"]
[EventDate "2018.??.??"]
[EventCountry "POL"]
[SourceTitle "playchess.com"]
[Source "ChessBase"]
[SourceQuality "1"]
[WhiteTeam "Finland"]
[BlackTeam "Russia"]
[WhiteTeamCountry "FIN"]
[BlackTeamCountry "RUS"]
[TimeControl "40/5400+30:1800+30"]

1. e4 c5 2. Nf3 d6 3. Bb5+ Nd7 4. c3 a6 {[%emt 0:03:44] B51: Sicilian: Moscow Variation (3 Bb5+) without 3...Bd7} (4... Ngf6 5. Qe2 a6 6. Ba4 b5 7. Bc2 Bb7 8. O-O e6 9. d4 Be7 10. Nbd2 O-O 11. Re1 Qc7 12. Nf1 Rac8 13. Bb1 cxd4 14. cxd4 e5 15. d5 b4 16. Be3 Nc5 {0-1 (49) Anton Guijarro,D (2666)-Salem,A (2638) Riadh 2017}) 5. Ba4 {[%emt 0:01:00] LiveBook: 52 Games} g6 6. O-O Bg7 7. Re1 $146 ({Predecessor:} 7. d4 b5 8. Bc2 e6 9. Bf4 e5 10. dxe5 dxe5 11. Bg5 f6 12. Be3 {1-0 (21) Wiese,H (2118)-Siwiec,A (2186) Germany 2012}) 7... b5 8. Bc2 e5 9. d4 Qc7 10. Bg5 h6 11. Be3 Ngf6 12. h3 O-O 13. Nbd2 Bb7 14. Rc1 Nb6 15. Nh2 Nh5 16. dxc5 dxc5 17. Nb3 Na4 18. Rb1 c4 19. Nd2 Nc5 20. Qg4 Rad8 21. Qh4 Bf6 22. Qg4 Bc8 23. Qf3 Nf4 24. Ng4 Bg7 25. Bxc5 Qxc5 26. Nf1 h5 27. Nge3 Bb7 28. Red1 f5 29. Rxd8 Rxd8 30. Rd1 Qe7 31. Kh2 Nd3 32. Bxd3 cxd3 33. Nd2 fxe4 34. Qg3 $19 Qf6 35. b3 Bh6 0-1

[Event "ESTCC U50 2018"]
[Site "Walbrzych"]
[Date "2018.04.20"]
[Round "7"]
[White "Aird, Ian"]
[Black "Strzelecki, Jerzy"]
[Result "1/2-1/2"]
[ECO "B40"]
[WhiteElo "1785"]
[BlackElo "2038"]
[Annotator "NA"]
[PlyCount "51"]
[EventDate "2018.??.??"]
[EventCountry "POL"]
[SourceTitle "playchess.com"]
[Source "ChessBase"]
[SourceQuality "1"]
[WhiteTeam "Scotland"]
[BlackTeam "Poland"]
[WhiteTeamCountry "SCO"]
[BlackTeamCountry "POL"]
[TimeControl "40/5400+30:1800+30"]

1. e4 c5 2. Nf3 e6 3. d3 Nc6 4. g3 g6 5. Bg2 Bg7 6. O-O Nge7 7. c3 e5 8. a3 a5 9. a4 O-O 10. Na3 d5 11. exd5 Nxd5 12. Re1 Rb8 13. Nc4 Bg4 14. h3 Bxf3 15. Qxf3 Nde7 16. Bd2 h6 17. Rad1 Qc7 18. Bc1 Rbd8 $16 19. h4 f5 20. Qe2 Nd5 21. h5 g5 22. Ne3 Nde7 23. Nc4 Nd5 24. Ne3 Nde7 25. Nc4 Nd5 26. Bf1 1/2-1/2

[Event "ESTCC U50 2018"]
[Site "Walbrzych"]
[Date "2018.04.20"]
[Round "7"]
[White "Aegerter, Klaus"]
[Black "Scowen, Roger S"]
[Result "1/2-1/2"]
[ECO "B10"]
[WhiteElo "1731"]
[BlackElo "1882"]
[Annotator "NA"]
[PlyCount "52"]
[EventDate "2018.??.??"]
[EventCountry "POL"]
[SourceTitle "playchess.com"]
[Source "ChessBase"]
[SourceQuality "1"]
[WhiteTeam "Switzerland"]
[BlackTeam "England"]
[WhiteTeamCountry "SUI"]
[BlackTeamCountry "ENG"]
[TimeControl "40/5400+30:1800+30"]

1. e4 c6 2. d3 d5 3. Nd2 e5 4. Ngf3 Bd6 5. g3 f5 6. exf5 Bxf5 7. Bg2 Nf6 8. O-O O-O 9. h3 Nbd7 10. Re1 Qb6 11. Nb3 Rae8 $17 12. Be3 Qc7 13. Kh2 Ng4+ 14. Kg1 Nxe3 15. Rxe3 Nf6 16. Qd2 Qd7 17. Rae1 e4 18. Ng5 exd3 19. Nd4 Ne4 20. Nxe4 dxe4 21. Nxf5 Qxf5 22. cxd3 Bc5 23. d4 Qd7 24. Rd1 Bb6 25. h4 Qf7 26. Bxe4 Qxa2 1/2-1/2